 Dungeon Crawl Stone Soup version 0.23-a0-714-g00c90a0c22 (webtiles) character file.

699 Hercules1031 the Protected (level 7, -8/51 HPs)
             Began as a Gnoll Wanderer on Jan 16, 2019.
             Was an Initiate of Trog.
             Killed by divine providence
             ... invoked by an orc priest
              (11 damage)
             ... on level 4 of the Dungeon.
             The game lasted 00:08:16 (4207 turns).

Hercules1031 the Protected (Gnoll Wanderer)         Turns: 4207, Time: 00:08:17

Health: -8/51      AC:  8    Str: 19    XL:     7   Next: 65%
Magic:  15/15      EV:  9    Int: 16    God:    Trog [......]
Gold:   210        SH:  9    Dex: 10    Spells: 16/17 levels left

rFire    . . .     SeeInvis .   a - +2 hand axe
rCold    . . .     Gourm    .   b - +0 shield
rNeg     . . .     Faith    .   c - +0 ring mail
rPois    .         Spirit   .   j - +0 hat
rElec    .         Reflect  .   (no cloak)
rCorr    .         Harm     .   f - +0 pair of gloves
MR       .....                  (no boots)
Stlth    +.........             (no amulet)
HPRegen  0.17/turn              (no ring)
MPRegen  0.14/turn              (no ring)

@: no status effects
A: distributed training, fangs 1, clumsy 1, strong 1, strong nose
a: Renounce Religion


You were on level 4 of the Dungeon.
You worshipped Trog.
Trog was noncommittal.
You were not hungry.

You visited 1 branch of the dungeon, and saw 5 of its levels.

You collected 210 gold pieces.

Inventory:

Hand Weapons
 a - a +2 hand axe (weapon)
Armour
 b - a +0 shield (worn)
 c - a +0 ring mail (worn)
 f - a +0 pair of gloves (worn)
 j - a +0 hat (worn)
Jewellery
 i - an uncursed amulet of the gourmand
Wands
 g - a wand of iceblast (11)
Scrolls
 e - 2 scrolls of teleportation
 h - a scroll of magic mapping {unknown}
 k - 3 scrolls of remove curse
 m - 2 scrolls of identify
Comestibles
 d - 4 rations


   Skills:
 + Level 2.5 Fighting
 + Level 2.5 Short Blades
 + Level 2.5 Long Blades
 + Level 3.7 Axes
 + Level 2.5 Maces & Flails
 + Level 2.5 Polearms
 + Level 2.5 Staves
 + Level 2.5 Slings
 + Level 2.5 Bows
 + Level 2.5 Crossbows
 + Level 3.7 Throwing
 + Level 8.9 Armour
 + Level 2.5 Dodging
 + Level 2.5 Stealth
 + Level 3.7 Shields
 + Level 2.5 Unarmed Combat
 + Level 5.6 Spellcasting
 + Level 2.1 Conjurations
 + Level 2.1 Hexes
 + Level 2.1 Charms
 + Level 2.1 Summonings
 + Level 2.1 Necromancy
 + Level 2.1 Translocations
 + Level 2.1 Transmutations
 + Level 2.1 Fire Magic
 + Level 2.1 Ice Magic
 + Level 2.1 Air Magic
 + Level 2.1 Earth Magic
 + Level 3.0 Poison Magic
 + Level 2.8 Invocations
 + Level 2.5 Evocations


You had 16 spell levels left.
You knew the following spells:

 Your Spells              Type           Power        Failure   Level  Hunger
a - Sting                 Conj/Pois      ##..         32%         1    None

Your spell library contained the following spells:

 Spells                   Type           Power        Failure   Level  Hunger
 Beastly Appendage        Tmut           ##....       38%         1    None
 Sticks to Snakes         Tmut           ##......     52%         2    #......
 Spider Form              Tmut/Pois      ##........   69%         3    ##.....
 Ignite Poison            Fire/Tmut/Pois ##......     71%         3    ##.....
 Ice Form                 Ice/Tmut       ##......     99%         4    ####...
 Blade Hands              Tmut           ##........   100%        5    ######.


Dungeon Overview and Level Annotations

Branches:
Dungeon (5/15)
 Temple: D:4-7

Altars:
Fedhas
Kikubaaqudgha
Qazlal
Sif Muna
Trog
Wu Jian
Yredelemnul
Zin


Innate Abilities, Weirdness & Mutations

Your experience applies equally to all skills.
You have very sharp teeth.
Your uncanny sense of smell can sniff out nearby items.
You are clumsy. (Dex -2)
Your muscles are strong. (Str +2)


Message History

You hit the orc priest.
You bite the orc priest, but do no damage.
The orc priest is lightly wounded.
You hit the orc priest but do no damage.
The orc priest hits you but does no damage.
You block the orc priest's attack.
You hit the orc priest.
You bite the orc priest, but do no damage.
The orc priest is lightly wounded.
You hit the orc priest but do no damage.
The orc priest barely misses you.
The orc priest calls down the wrath of Beogh upon you.
Pain shoots through your body!
* * * LOW HITPOINT WARNING * * *
You hit the orc priest. Your bite misses the orc priest.
The orc priest is moderately wounded.
You closely miss the orc priest. You block the orc priest's attack.
The orc priest invokes the aid of Beogh against you.
Beogh smites you!
You die...

###########..## #..###.#####
##########...## ##.## #...'_'
#.>..........# #..####.###'#
#.####.###########.###...# #.#
##.# ####...........###.#
########..####........#####......
.................###########.###.
#######........o_..#.....###.# #.
###.)........o@.........##.# #.
#.>[######....<..........#.###.
##.### #...............#..##.
##..# #...............##.###
#..## #...............##.# # ..##
#..................# #
.############.............##..# #
............................#####
#########################.#..>...


You could see 2 orc priests.

Vanquished Creatures
  Sigmund (D:3)
  A phantom (D:4)
  A howler monkey (D:4)
  An orc priest (D:4)
  5 orc wizards
  A hound (D:3)
  Ijyb (D:4)
  3 worker ants (D:4)
  A hound zombie (D:4)
  4 adders
  An ooze (D:3)
  2 worms
  A dart slug (D:1)
  2 leopard geckos (D:3)
  9 orcs
  6 giant cockroaches
  6 hobgoblins
  4 kobolds
  A quokka (D:4)
  A ball python (D:2)
  6 bats (D:3)
  2 frilled lizards (D:4)
  4 goblins
  3 rats
67 creatures vanquished.

Notes
Turn   | Place    | Note
-------+----------+-------------------------------------------
     0 | D:1      | Hercules1031 the Gnoll Wanderer began the quest for the
                  | Orb.
     0 | D:1      | Hercules1031 set off with the following items: a +2 hand
                  | axe, a +0 ring mail, a ration; and the following spell
                  | memorised: Sting; and the following spells available to
                  | memorise: Ignite Poison
     0 | D:1      | Reached XP level 1. HP: 13/13 MP: 6/6
   140 | D:1      | Reached XP level 2. HP: 18/19 MP: 7/7
   855 | D:2      | Noticed an air elemental
   857 | D:2      | Found a stormy altar of Qazlal.
   945 | D:2      | Found a basalt altar of Yredelemnul.
   946 | D:2      | Reached XP level 3. HP: 25/25 MP: 9/9
   974 | D:2      | Reached skill level 5 in Spellcasting
  1044 | D:2      | Gained mutation: You are clumsy. (Dex -2) [potion of
                  | mutation]
  1044 | D:2      | Gained mutation: Your muscles are strong. (Str +2) [potion
                  | of mutation]
  1046 | D:2      | Noticed a water elemental
  1046 | D:2      | Noticed a fire elemental
  1046 | D:2      | Noticed an earth elemental
  1176 | D:2      | Reached skill level 1 in Invocations
  1394 | D:3      | Reached skill level 1 in Fighting
  1394 | D:3      | Reached skill level 1 in Short Blades
  1394 | D:3      | Reached skill level 1 in Long Blades
  1394 | D:3      | Reached skill level 1 in Maces & Flails
  1394 | D:3      | Reached skill level 1 in Polearms
  1394 | D:3      | Reached skill level 1 in Staves
  1394 | D:3      | Reached skill level 1 in Slings
  1394 | D:3      | Reached skill level 1 in Bows
  1394 | D:3      | Reached skill level 1 in Crossbows
  1394 | D:3      | Reached skill level 1 in Dodging
  1394 | D:3      | Reached skill level 1 in Stealth
  1394 | D:3      | Reached skill level 1 in Unarmed Combat
  1394 | D:3      | Reached skill level 1 in Evocations
  1402 | D:3      | Reached XP level 4. HP: 22/32 MP: 11/11
  1444 | D:3      | Found an ornate altar of the Wu Jian Council.
  1548 | D:3      | Noticed Sigmund
  2144 | D:3      | Killed Sigmund
  2144 | D:3      | Reached skill level 1 in Conjurations
  2144 | D:3      | Reached skill level 1 in Hexes
  2144 | D:3      | Reached skill level 1 in Charms
  2144 | D:3      | Reached skill level 1 in Summonings
  2144 | D:3      | Reached skill level 1 in Necromancy
  2144 | D:3      | Reached skill level 1 in Translocations
  2144 | D:3      | Reached skill level 1 in Transmutations
  2144 | D:3      | Reached skill level 1 in Fire Magic
  2144 | D:3      | Reached skill level 1 in Ice Magic
  2144 | D:3      | Reached skill level 1 in Air Magic
  2144 | D:3      | Reached skill level 1 in Earth Magic
  2144 | D:3      | Reached XP level 5. HP: 7/38 MP: 12/12
  2144 | D:3      | Reached XP level 6. HP: 8/44 MP: 13/13
  2833 | D:4      | Found a blossoming altar of Fedhas.
  2834 | D:4      | Found a bloodstained altar of Trog.
  2834 | D:4      | Found a glowing silver altar of Zin.
  2846 | D:4      | Noticed a phantom
  2898 | D:3      | HP: 2/44 [hound (3)]
  3233 | D:4      | Killed a phantom
  3233 | D:4      | Reached XP level 7. HP: 26/50 MP: 15/15
  3546 | D:4      | Became a worshipper of Trog the Wrathful
  3566 | D:4      | Noticed Ijyb
  3595 | D:4      | Killed Ijyb
  3774 | D:4      | Found an ancient bone altar of Kikubaaqudgha.
  3786 | D:5      | Entered Level 5 of the Dungeon
  4065 | D:4      | Found a deep blue altar of Sif Muna.
  4207 | D:4      | Killed from afar by an orc priest

Vault maps used:
D:1:      dpeg_chamrin_arrival_tetris, minmay_misc_feat_chi
D:2:      nicolae_qazlal_style_of_elements, first_ration, dk_vineyard_1,
          yredelemnul_altar_generic
D:3:      marbit_many_paths, chequers_serial_rivers_room_b,
          minmay_misc_feat_nine_boxes, uniq_sigmund
D:4:      overflow_temple_1_default, chequers_temple_overflow_statue_of_worship,
          lemuel_round_altar, lemuel_doored_altar, uniq_ijyb
D:5:      kennysheep_little_box, overflow_temple_1_default,
          minmay_temple_entry_drinking_statues, uniq_menkaure

Skill      XL: |  1  2  3  4  5  6  7 |
---------------+----------------------+-----
Poison Magic   | 2 3 |  3.0
Spellcasting   | 5 |  5.6
Invocations    | 1 2 |  2.8
Fighting       | 1 2 |  2.5
Short Blades   | 1 2 |  2.5
Long Blades    | 1 2 |  2.5
Maces & Flails | 1 2 |  2.5
Polearms       | 1 2 |  2.5
Staves         | 1 2 |  2.5
Slings         | 1 2 |  2.5
Bows           | 1 2 |  2.5
Crossbows      | 1 2 |  2.5
Dodging        | 1 2 |  2.5
Stealth        | 1 2 |  2.5
Unarmed Combat | 1 2 |  2.5
Evocations     | 1 2 |  2.5
Axes           | 3 |  3.7
Throwing       | 3 |  3.7
Shields        | 3 |  3.7
Conjurations   | 1 2 |  2.1
Hexes          | 1 2 |  2.1
Charms         | 1 2 |  2.1
Summonings     | 1 2 |  2.1
Necromancy     | 1 2 |  2.1
Translocations | 1 2 |  2.1
Transmutations | 1 2 |  2.1
Fire Magic     | 1 2 |  2.1
Ice Magic      | 1 2 |  2.1
Air Magic      | 1 2 |  2.1
Earth Magic    | 1 2 |  2.1
Armour         | |  8.9

Action                   |  1- 3 |  4- 6 |  7- 9 || total
-------------------------+-------+-------+-------++-------
Melee: Hand axe          |    64 |   142 |   141 ||   347
       Bite              |     2 |    19 |    17 ||    38
  Use: Potion            |     3 |     4 |       ||     7
       Scroll            |     3 |     2 |       ||     5
  Eat: Ration            |     1 |     3 |       ||     4
Armor: Ring mail         |    23 |    81 |    53 ||   157
Dodge: Dodged            |    34 |    99 |    46 ||   179
Block: Shield            |       |       |    53 ||    53

Table legend:
 A = Non-vault XP
 B = Vault XP
 C = Vault XP percentage of total XP
 D = Non-vault monster count
 E = Vault monster count
 F = Vault count percentage of total count
                 A         B        C        D         E       F
            +---------+---------+-------+---------+---------+-------
      Total |     734 |     265 |  26.5 |      64 |       3 |   4.5
            +---------+---------+-------+---------+---------+-------
        D:1 |      19 |       0 |   0.0 |       9 |       0 |   0.0
        D:2 |      39 |       0 |   0.0 |       8 |       0 |   0.0
        D:3 |     108 |     229 |  68.0 |      23 |       2 |   8.0
        D:4 |     530 |      36 |   6.4 |      22 |       1 |   4.3
        D:5 |      38 |       0 |   0.0 |       2 |       0 |   0.0
            +---------+---------+-------+---------+---------+-------
